3A
KENNESAW JETS @ GRIM REAPERS
07/18/2037
 
TOP OF THE 1ST
Kennesaw Jets batting - Pitching for Grim Reapers : RHP Marcel Bloemheuvel
Pitching: RHP Marcel Bloemheuvel
Batting: SHB Lodd Felton 0-0: Ball
1-0: Called Strike
1-1: Ball
2-1: Bunt missed!
2-2: Strikes out swinging
Batting: RHB Manuel Vallejo 0-0: Called Strike
0-1: Foul Ball, location: 2F
0-2: Strikes out looking
Batting: RHB Adam Wiltern 0-0: Ball
1-0: Called Strike
1-1: Foul Ball, location: 2F
1-2: Strikes out swinging
Top of the 1st over - 0 runs, 0 hits, 0 errors, 0 left on base; Kennesaw 0 - Grim 0
BOTTOM OF THE 1ST
Grim Reapers batting - Pitching for Kennesaw Jets : RHP Zhenya Gospodyni
Pitching: RHP Zhenya Gospodyni
Batting: RHB Cristo Mercado 0-0: Ball
1-0: Foul Ball, location: 2F
1-1: Ball
2-1: Called Strike
2-2: Ground out 6-3 (Groundball, 6MS, EV 90.6 MPH)
Batting: SHB Tekkan Hayagawa 0-0: Ball
1-0: Ball
2-0: Ball
3-0: Base on Balls
Batting: RHB Kevin Bates 0-0: Called Strike
0-1: Called Strike
0-2: SINGLE (Line Drive, 9S, EV 92.5 MPH)
Tekkan Hayagawa to second
Batting: RHB Kiyohira Kan 0-0: Ball
1-0: Fly out, F8 (Flyball, 8RD, EV 102.5 MPH)
Batting: SHB Fernando Urby 0-0: Ball
Wild Pitch!
Tekkan Hayagawa to third
Kevin Bates to second
1-0: Ball
2-0: Swinging Strike
2-1: Foul Ball, location: 2F
2-2: Foul Ball, location: 2F
2-2: Ground out U3 (Groundball, 34S, EV 88.8 MPH)
Bottom of the 1st over - 0 runs, 1 hit, 0 errors, 2 left on base; Kennesaw 0 - Grim 0
TOP OF THE 2ND
Kennesaw Jets batting - Pitching for Grim Reapers : RHP Marcel Bloemheuvel
Batting: LHB Felipe Dávila 0-0: Foul Ball, location: 2F
0-1: Foul Ball, location: 2F
0-2: Foul Ball, location: 2F
0-2: Ball
1-2: Strikes out swinging
Batting: LHB Lorenzo Trujillo 0-0: Called Strike
0-1: Ball
1-1: Swinging Strike
1-2: Hit by Pitch
Pinch Runner at 1st Sasha Orlovsky:
Batting: SHB Obke Preesman 0-0: Ball
1-0: Ball
2-0: Ball
3-0: Called Strike
3-1: Base on Balls
Sasha Orlovsky to second
Batting: RHB Mike Marshall 0-0: Ball
1-0: Called Strike
1-1: Foul Ball, location: 2F
1-2: Ball
2-2: Ball
3-2: Strikes out swinging
Batting: RHB Bras Castanheta 0-0: Ball
1-0: Ball
2-0: Foul Ball, location: 2F
2-1: Ball
3-1: Foul Ball, location: 2F
3-2: Strikes out swinging
Top of the 2nd over - 0 runs, 0 hits, 0 errors, 2 left on base; Kennesaw 0 - Grim 0
BOTTOM OF THE 2ND
Grim Reapers batting - Pitching for Kennesaw Jets : RHP Zhenya Gospodyni
Batting: LHB Lorenzo Ortíz 0-0: Foul Ball, location: 2F
0-1: Ball
1-1: Called Strike
1-2: Foul Ball, location: 2F
1-2: Strikes out swinging
Batting: RHB Adrián Sánchez 0-0: Ball
1-0: Hit by Pitch
Batting: RHB Lonnie Doble 0-0: Called Strike
0-1: DOUBLE (Flyball, 78XD, EV 108.8 MPH)
Adrián Sánchez to third
Batting: SHB Leonard Davis 0-0: Called Strike
0-1: Ball
1-1: Called Strike
1-2: Ball
2-2: Foul Ball, location: 2F
2-2: Strikes out looking
Batting: RHB Cristo Mercado 0-0: Ball
1-0: Foul Ball, location: 2F
1-1: SINGLE (Line Drive, 78S, EV 86.2 MPH)
Adrián Sánchez scores
Lonnie Doble to third
Runner from 3rd tries for Home, SAFE, no throw by LF
Batting: SHB Tekkan Hayagawa 0-0: Called Strike
0-1: Ball
1-1: Ball
2-1: Foul Ball, location: 2F
2-2: DOUBLE (Flyball, 78D, EV 100.0 MPH)
Cristo Mercado to third
Runner from 3rd tries for Home, SAFE, no throw by CF
Batting: RHB Kevin Bates 0-0: Ball
1-0: SINGLE (Line Drive, 6MD, EV 96.2 MPH)
Tekkan Hayagawa to third
Runner from 3rd tries for Home, SAFE, throw by CF to home
Batting: RHB Kiyohira Kan 0-0: Called Strike
0-1: Ball
1-1: Foul Ball, location: 2F
1-2: SINGLE (Groundball, 25, EV 70.0 MPH) (infield hit)
Kevin Bates to second
Batting: SHB Fernando Urby 0-0: Called Strike
0-1: Ball
1-1: Fielders Choice at 2nd, U4 (Groundball, 4M, EV 78.8 MPH)
Bottom of the 2nd over - 4 runs, 5 hits, 0 errors, 2 left on base; Kennesaw 0 - Grim 4
TOP OF THE 3RD
Kennesaw Jets batting - Pitching for Grim Reapers : RHP Marcel Bloemheuvel
Batting: SHB Ramón Muńóz 0-0: Called Strike
0-1: Foul Ball, location: 2F
0-2: Strikes out swinging
Batting: SHB Lodd Felton 0-0: Called Strike
0-1: Swinging Strike
0-2: Ball
1-2: Strikes out swinging
Batting: RHB Manuel Vallejo 0-0: Swinging Strike
0-1: Ball
1-1: Swinging Strike
1-2: Ball
2-2: SINGLE (Line Drive, 7S, EV 90.6 MPH)
Batting: RHB Adam Wiltern 0-0: Ball
1-0: Called Strike
Manuel Vallejo steals 2nd base
1-1: Called Strike
1-2: Foul Ball, location: 2F
1-2: Strikes out looking
Top of the 3rd over - 0 runs, 1 hit, 0 errors, 1 left on base; Kennesaw 0 - Grim 4
BOTTOM OF THE 3RD
Grim Reapers batting - Pitching for Kennesaw Jets : RHP Zhenya Gospodyni
Batting: LHB Lorenzo Ortíz 0-0: Fly out, F6 (Line Drive, 6, EV 72.5 MPH)
Batting: RHB Adrián Sánchez 0-0: Ground out 6-3 (Groundball, 6, EV 82.5 MPH)
Batting: RHB Lonnie Doble 0-0: Ball
1-0: Ball
2-0: Ball
3-0: Called Strike
3-1: Base on Balls
Batting: SHB Leonard Davis 0-0: SINGLE (Groundball, 25, EV 64.4 MPH) (infield hit)
Lonnie Doble to second
Batting: RHB Cristo Mercado 0-0: Fly out, F8 (Flyball, 8RM, EV 85.6 MPH)
Bottom of the 3rd over - 0 runs, 1 hit, 0 errors, 2 left on base; Kennesaw 0 - Grim 4
TOP OF THE 4TH
Kennesaw Jets batting - Pitching for Grim Reapers : RHP Marcel Bloemheuvel
Batting: LHB Felipe Dávila 0-0: Called Strike
0-1: Hit by Pitch
Batting: RHB Sasha Orlovsky 0-0: Called Strike
0-1: Foul Ball, location: 2F
0-2: Foul Ball, location: 2F
0-2: Ball
1-2: Ball
2-2: Foul Ball, location: 2F
2-2: Foul Ball, location: 2F
2-2: Strikes out swinging
Batting: SHB Obke Preesman 0-0: Fly out, F5 (Popup, 5L, EV 72.5 MPH)
Batting: RHB Mike Marshall 0-0: Ball
1-0: Foul Ball, location: 2F
1-1: Ball
2-1: Ball
3-1: Fly out, F8 (Flyball, 8LS, EV 93.1 MPH)
Top of the 4th over - 0 runs, 0 hits, 0 errors, 1 left on base; Kennesaw 0 - Grim 4
BOTTOM OF THE 4TH
Grim Reapers batting - Pitching for Kennesaw Jets : RHP Zhenya Gospodyni
Batting: SHB Tekkan Hayagawa 0-0: Called Strike
0-1: Ball
1-1: Ball
2-1: Foul Ball, location: 2F
2-2: DOUBLE (Flyball, 8LXD, EV 96.9 MPH)
Batting: RHB Kevin Bates 0-0: Called Strike
0-1: Fly out, F8 (Line Drive, 8RM, EV 95.6 MPH)
Batting: RHB Kiyohira Kan 0-0: Ball
1-0: Foul Ball, location: 2F
1-1: Ball
2-1: Foul Ball, location: 2F
2-2: Foul Ball, location: 2F
2-2: Reached on error, E3 (Groundball, 34, EV 95.0 MPH)
Tekkan Hayagawa to third
Batting: SHB Fernando Urby 0-0: Called Strike
0-1: Ball
1-1: Swinging Strike
1-2: Ground out U3 (Groundball, 34S, EV 85.6 MPH)
Tekkan Hayagawa scores
Kiyohira Kan to second
Batting: LHB Lorenzo Ortíz 0-0: Ball
1-0: Ball
2-0: Ground out 4-3 (Groundball, 4D, EV 105.6 MPH)
Bottom of the 4th over - 1 run, 1 hit, 1 error, 1 left on base; Kennesaw 0 - Grim 5
TOP OF THE 5TH
Kennesaw Jets batting - Pitching for Grim Reapers : RHP Marcel Bloemheuvel
Batting: RHB Bras Castanheta 0-0: Swinging Strike
0-1: Called Strike
0-2: Ball
1-2: Ball
2-2: Strikes out looking
Batting: SHB Ramón Muńóz 0-0: Ball
1-0: Ball
2-0: Called Strike
2-1: Foul Ball, location: 2F
2-2: Fly out, F8 (Flyball, 8RS, EV 77.5 MPH)
Batting: SHB Lodd Felton 0-0: Ball
1-0: Ball
2-0: Foul Ball, location: 2F
2-1: Swinging Strike
2-2: SINGLE (Groundball, 34D, EV 101.2 MPH)
Pitching: RHP Ed Barrick
Batting: RHB Manuel Vallejo 0-0: Called Strike
0-1: Ball
Lodd Felton steals 2nd base
1-1: Ball
2-1: Foul Ball, location: 2F
2-2: Ball
3-2: Strikes out swinging
Top of the 5th over - 0 runs, 1 hit, 0 errors, 1 left on base; Kennesaw 0 - Grim 5
BOTTOM OF THE 5TH
Grim Reapers batting - Pitching for Kennesaw Jets : RHP Zhenya Gospodyni
Batting: RHB Adrián Sánchez 0-0: Ground out 6-3 (Groundball, 6, EV 84.4 MPH)
Batting: RHB Lonnie Doble 0-0: Ball
1-0: Called Strike
1-1: Ball
2-1: Swinging Strike
2-2: Ball
3-2: SOLO HOME RUN (Flyball, 7LD, EV 96.9 MPH), Distance : 332 ft
Pitching: LHP Bradley Leeder
Batting: SHB Leonard Davis 0-0: Ball
1-0: Ball
2-0: Swinging Strike
2-1: SINGLE (Flyball, 8LS, EV 98.1 MPH)
Batting: RHB Cristo Mercado 0-0: Ball
Wild Pitch!
Leonard Davis to second
1-0: Ball
2-0: Ball
3-0: Called Strike
3-1: Called Strike
3-2: Base on Balls
Batting: SHB Tekkan Hayagawa 0-0: Ball
1-0: Reached on error, E7 (Line Drive, 7D, EV 90.6 MPH)
Leonard Davis scores
Cristo Mercado to third
Batting: RHB Kevin Bates 0-0: Called Strike
0-1: Ball
1-1: Called Strike
1-2: Strikes out swinging
Batting: RHB Kiyohira Kan 0-0: Ball
1-0: Foul Ball, location: 2F
1-1: Foul Ball, location: 2F
1-2: Fly out, F8 (Flyball, 8RM, EV 80.0 MPH)
Bottom of the 5th over - 2 runs, 2 hits, 1 error, 2 left on base; Kennesaw 0 - Grim 7
TOP OF THE 6TH
Kennesaw Jets batting - Pitching for Grim Reapers : RHP Ed Barrick
Batting: RHB Adam Wiltern 0-0: Called Strike
0-1: Ground out 5-3 (Groundball, 56, EV 76.9 MPH)
Batting: LHB Felipe Dávila 0-0: Called Strike
0-1: DOUBLE (Groundball, 5L, EV 101.2 MPH)
Batting: RHB Sasha Orlovsky 0-0: SINGLE (Groundball, 56, EV 101.2 MPH) (infield hit)
Felipe Dávila to third
Batting: SHB Obke Preesman 0-0: Foul Ball, location: 2F
0-1: Hit by Pitch
Sasha Orlovsky to second
Batting: RHB Mike Marshall 0-0: Called Strike
0-1: Ball
1-1: Swinging Strike
1-2: Foul Ball, location: 2F
1-2: Ball
2-2: Ball
3-2: Foul Ball, location: 2F
3-2: Foul Ball, location: 2F
3-2: Foul Ball, location: 2F
3-2: Base on Balls
Felipe Dávila scores
Sasha Orlovsky to third
Obke Preesman to second
Batting: RHB Bras Castanheta 0-0: Called Strike
0-1: Ball
1-1: Foul Ball, location: 2F
1-2: Ball
2-2: Strikes out swinging
Batting: SHB Ramón Muńóz 0-0: Ball
1-0: Ball
2-0: Called Strike
2-1: Foul Ball, location: 2F
2-2: Strikes out swinging
Top of the 6th over - 1 run, 2 hits, 0 errors, 3 left on base; Kennesaw 1 - Grim 7
BOTTOM OF THE 6TH
Grim Reapers batting - Pitching for Kennesaw Jets : LHP Bradley Leeder
Batting: SHB Fernando Urby 0-0: Fly out, F9 (Flyball, 89S, EV 92.5 MPH)
Batting: LHB Lorenzo Ortíz 0-0: Ball
1-0: Foul Ball, location: 2F
1-1: Ball
2-1: Foul Ball, location: 2F
2-2: Strikes out swinging
Batting: RHB Adrián Sánchez 0-0: Called Strike
0-1: Swinging Strike
0-2: Foul Ball, location: 2F
0-2: Ball
1-2: Strikes out swinging
Bottom of the 6th over - 0 runs, 0 hits, 0 errors, 0 left on base; Kennesaw 1 - Grim 7
TOP OF THE 7TH
Kennesaw Jets batting - Pitching for Grim Reapers : RHP Ed Barrick
Batting: SHB Lodd Felton 0-0: SINGLE (Flyball, 9S, EV 89.4 MPH)
Batting: RHB Manuel Vallejo 0-0: Called Strike
0-1: Swinging Strike
0-2: Strikes out swinging
Batting: RHB Adam Wiltern 0-0: Foul Ball, location: 2F
0-1: Ball
1-1: Ball
2-1: Fly out, F8 (Flyball, 8LS, EV 85.6 MPH)
Batting: LHB Felipe Dávila 0-0: Ball
Lodd Felton steals 2nd base (no throw)
1-0: Foul Ball, location: 2F
1-1: Ball
2-1: Called Strike
2-2: Ball
3-2: Ground out 6-3 (Groundball, 6, EV 89.4 MPH)
Top of the 7th over - 0 runs, 1 hit, 0 errors, 1 left on base; Kennesaw 1 - Grim 7
BOTTOM OF THE 7TH
Grim Reapers batting - Pitching for Kennesaw Jets : LHP Bradley Leeder
Batting: RHB Lonnie Doble 0-0: Foul Ball, location: 2F
0-1: Swinging Strike
0-2: Ball
1-2: SOLO HOME RUN (Line Drive, 89XD, EV 94.4 MPH), Distance : 409 ft
Batting: SHB Leonard Davis 0-0: Ball
1-0: Ground out U3 (Groundball, 3, EV 91.2 MPH)
Batting: RHB Cristo Mercado 0-0: Ball
1-0: Foul Ball, location: 2F
1-1: Fly out, F9 (Flyball, 89M, EV 88.1 MPH)
Batting: SHB Tekkan Hayagawa 0-0: Fly out, F7 (Flyball, 78S, EV 88.1 MPH)
Bottom of the 7th over - 1 run, 1 hit, 0 errors, 0 left on base; Kennesaw 1 - Grim 8
TOP OF THE 8TH
Kennesaw Jets batting - Pitching for Grim Reapers : RHP Ed Barrick
Batting: RHB Sasha Orlovsky 0-0: Foul Ball, location: 2F
0-1: Ball
1-1: SINGLE (Line Drive, 9S, EV 91.9 MPH)
Pinch Hitting: RHB Brent Leroy 0-0: Called Strike
0-1: Foul Ball, location: 2F
0-2: Ball
1-2: Ball
2-2: Hit by Pitch
Sasha Orlovsky to second
Pinch Hitting: RHB Scipione Borghese 0-0: Called Strike
0-1: Swinging Strike
0-2: Foul Ball, location: 2F
0-2: Ball
1-2: Strikes out looking
Pitching: RHP Marty Beard
Batting: RHB Bras Castanheta 0-0: Called Strike
0-1: Called Strike
0-2: Ball
1-2: Ball
Wild Pitch!
Sasha Orlovsky to third
Brent Leroy to second
2-2: Ball
3-2: Fly out, F9 (Flyball, 89D, EV 99.4 MPH)
Runner from 3rd tags up, OUT at HOME! 9-2
Top of the 8th over - 0 runs, 1 hit, 0 errors, 1 left on base; Kennesaw 1 - Grim 8
BOTTOM OF THE 8TH
Grim Reapers batting - Pitching for Kennesaw Jets : LHP Bradley Leeder
Pitching: LHP François Boyer
Now at SS: Scipione Borghese
Now in LF: Brent Leroy
Batting: RHB Kevin Bates 0-0: Called Strike
0-1: Foul Ball, location: 2F
0-2: SINGLE (Line Drive, 89S, EV 104.4 MPH)
Batting: RHB Kiyohira Kan 0-0: Fly out, F9 (Flyball, 9D, EV 89.4 MPH)
Batting: SHB Fernando Urby 0-0: Called Strike
0-1: Ball
1-1: Foul Ball, location: 2F
1-2: Strikes out swinging
Kevin Bates steals 2nd base (no throw)
Batter strikes out.
Batting: LHB Lorenzo Ortíz 0-0: Foul Ball, location: 2F
0-1: Ground out 4-3 (Groundball, 4, EV 106.9 MPH)
Bottom of the 8th over - 0 runs, 1 hit, 0 errors, 1 left on base; Kennesaw 1 - Grim 8
TOP OF THE 9TH
Kennesaw Jets batting - Pitching for Grim Reapers : RHP Marty Beard
Batting: SHB Ramón Muńóz 0-0: Ball
1-0: Ball
2-0: Ball
3-0: Called Strike
3-1: Base on Balls
Batting: SHB Lodd Felton 0-0: Called Strike
0-1: Fielders Choice at 2nd, 4-6 (Groundball, 4, EV 93.8 MPH)
Batting: RHB Manuel Vallejo 0-0: Ball
1-0: Foul Ball, location: 2F
1-1: Ball
2-1: Ball
3-1: Foul Ball, location: 2F
3-2: SINGLE (Flyball, 89S, EV 95.0 MPH)
Lodd Felton to second
Batting: RHB Adam Wiltern 0-0: Foul Ball, location: 2F
0-1: Swinging Strike
0-2: Ball
1-2: Strikes out swinging
Batting: LHB Felipe Dávila 0-0: Fly out, F8 (Flyball, 8LXD, EV 98.1 MPH)
Top of the 9th over - 0 runs, 1 hit, 0 errors, 2 left on base; Kennesaw 1 - Grim 8
Thursday, January 23rd, 2020 - OOTP Baseball 20.8 Build 74